Map: Dusk Towers

Players

Satsuki

  • Race: Zerg Zerg
  • League: Master

Miszu - Winner!

  • Race: Terran Terran
  • League: Grandmaster

VOD

Have the link to the VOD?

Description

Time

  • Played on: Feb. 22, 2016, 5:58 p.m.
  • Length: 12:42
Show
View Real Time Build Order
Export as new Build Order

Satsuki Zerg 

Build Orders: Hatch First, Muta Ling Bane 

Get SALT Encoding   

  12  0:01  Drone  
  13  0:12  Overlord  
  13  0:17  Drone  
  14  0:30  Drone x2  
  14  0:34  Drone  
  17  0:51  Hatchery  
  17  0:54  Drone  
  17  0:57  Drone  
  17  0:59  Extractor  
  17  1:06  Drone  
  18  1:16  Spawning Pool  
  17  1:18  Drone  
  18  1:27  Drone  
  19  1:38  Overlord  
  19  2:02  Zergling x4, Queen  
  19  2:03  Metabolic Boost, Queen  
  19  2:07  Drone  
  26  2:12  Drone  
  27  2:17  Drone  
  28  2:36  Overlord  
  28  2:38  Queen  
  28  2:39  Queen  
  28  2:43  Drone x3  
  35  2:45  Drone  
  36  2:55  Drone x2  
  38  3:00  Drone  
  38  3:04  Overlord  
  39  3:08  Drone  
  40  3:13  Drone x4  
  44  3:26  Hatchery  
  43  3:29  Drone x2  
  45  3:37  Drone x4  
  45  3:39  Extractor  
  48  3:50  Overlord  
  48  3:51  Lair  
  47  3:59  Overlord  
  47  4:02  Zergling x12  
  52  4:14  Overlord  
  52  4:16  Extractor x2  
  50  4:23  Drone x2  
  50  4:24  Drone x2  
  54  4:25  Drone x3  
  57  4:32  Drone  
  58  4:39  Queen  
  60  4:49  Overlord  
  60  4:53  Drone  
  60  4:56  Spire  
  60  4:57  Drone x4  
  60  4:58  Drone x5  
  69  5:13  Overlord  
  64  5:37  Extractor  
  64  5:38  Extractor  
  64  5:41  Drone x3  
  64  5:42  Drone x7  
  71  5:43  Drone  
  72  6:07  Mutalisk x9  
  87  6:16  Overlord  
  87  6:17  Zergling x8  
  90  6:20  Overlord x2  
  90  6:23  Baneling Nest  
  90  6:25  Evolution Chamber  
  88  6:27  Evolution Chamber  
  79  6:41  Drone x5  
  79  6:44  Mutalisk x6  
  93  6:49  Drone  
  93  6:50  Drone x2  
  93  6:51  Drone x2  
  93  6:52  Zerg Melee Weapons Level 1  
  98  7:01  Drone x2, Zerg Ground Armor Level 1  
  98  7:02  Drone  
  99  7:12  Drone x4  
  99  7:14  Drone x4  
  107  7:16  Centrifical Hooks  
  107  7:22  Mutalisk x2  
  111  7:25  Hatchery  
  108  7:30  Overlord, Zerg Flyer Weapons Level 1  
  108  7:31  Overlord  
  108  7:42  Overlord x3  
  108  7:43  Overlord  
  108  7:44  Zergling x10  
  112  8:02  Mutalisk x4  
  112  8:03  Mutalisk  
  112  8:04  Zergling x4  
  112  8:05  Zergling x2  
  123  8:21  Zergling x18  
  123  8:27  Drone  
  133  8:35  Overseer  
  133  8:36  Pneumatized Carapace  
  133  8:37  Overlord x3  
  133  8:38  Zergling x10  
  133  8:39  Zergling x8  
  142  8:46  Baneling x19  
  142  8:49  Zerg Melee Weapons Level 2  
  142  8:50  Drone  
  142  8:53  Drone  
  142  8:54  Drone x2  
  142  8:55  Drone  
  147  9:01  Zergling x6  
  150  9:12  Baneling  
  150  9:13  Baneling x16  
  148  9:19  Zergling x18  
  157  9:24  Zergling x8  
  157  9:28  Baneling x2  
  140  9:44  Zergling x4  
  140  9:45  Zergling x22  
  149  9:54  Extractor, Mutalisk x2  
  149  9:55  Extractor, Mutalisk x2  
  149  9:58  Baneling x8  
  155  10:01  Zergling x12  
  161  10:17  Zerg Ground Armor Level 2  
  161  10:22  Zergling x2  
  161  10:23  Zergling x16  
  161  10:27  Baneling  
  161  10:28  Baneling x8  
  170  10:29  Zergling x8  
  170  10:30  Zergling x10  
  170  10:31  Overlord x2  
  179  10:42  Zergling x8  
  183  10:43  Zergling x2  
  171  11:16  Mutalisk x3  
  171  11:17  Mutalisk  
  162  11:19  Zergling x14  
  162  11:20  Zergling x12  
  152  11:33  Zergling x22  
  127  11:48  Zergling x10  
  127  11:49  Hatchery  
  127  11:51  Zergling x2  
  127  11:52  Zergling x2  
  127  11:54  Baneling x9  
  120  11:55  Zergling x6  
  120  11:57  Zergling x4  
  120  12:01  Zergling x6  
  114  12:04  Mutalisk x2  
  98  12:10  Zergling x6  
  98  12:12  Baneling x5  
  98  12:13  Zergling x6, Baneling  
  101  12:18  Zergling x2  
  101  12:19  Zergling x2  
  97  12:28  Baneling  
Show
View Real Time Build Order
Export as new Build Order

Miszu Terran - Winner!

Build Orders: Liberator Opening, Reaper Expand, MMM Bio 

Get SALT Encoding   

  12  0:01  SCV  
  13  0:13  SCV  
  14  0:17  Supply Depot  
  14  0:25  SCV  
  15  0:39  SCV  
  16  0:43  Barracks  
  16  0:47  Refinery  
  16  0:51  SCV  
  17  1:03  SCV  
  18  1:15  SCV  
  19  1:30  Orbital Command  
  19  1:35  Reaper  
  19  1:39  Command Center  
  20  1:49  Supply Depot  
  20  1:55  SCV  
  20  1:58  Refinery  
  21  2:08  SCV  
  22  2:13  Factory  
  22  2:20  SCV  
  23  2:25  Barracks Reactor  
  23  2:33  SCV  
  24  2:45  SCV  
  25  2:54  Orbital Command  
  25  2:57  Starport, SCV  
  26  3:08  Hellion x2  
  26  3:09  SCV  
  31  3:16  Barracks Tech Lab  
  31  3:20  SCV  
  31  3:21  SCV  
  33  3:33  SCV  
  34  3:37  Fusion Core, SCV  
  34  3:39  Factory Reactor  
  35  3:45  Liberator, SCV  
  35  3:48  Barracks Tech Lab  
  36  3:49  SCV  
  36  3:51  Command Center  
  37  3:58  SCV  
  37  4:01  SCV  
  37  4:02  Refinery  
  39  4:03  Refinery  
  42  4:10  SCV  
  42  4:12  Barracks  
  42  4:13  SCV  
  42  4:14  Marine, Barracks  
  45  4:22  SCV  
  46  4:25  Stimpack  
  46  4:34  Factory Tech Lab  
  46  4:37  Supply Depot  
  46  4:40  Advanced Ballistics  
  41  4:45  Liberator  
  46  4:56  Engineering Bay  
  46  4:58  Engineering Bay  
  46  4:59  SCV x2  
  49  5:00  Supply Depot  
  49  5:07  Orbital Command  
  51  5:11  SCV x2  
  53  5:23  Siege Tank, SCV x2  
  53  5:24  Marine x4  
  53  5:28  Liberator  
  62  5:35  SCV x2  
  61  5:41  Terran Infantry Weapons Level 1, Terran Infantry Armor Level 1  
  62  5:44  Marine x5  
  62  5:46  Orbital Command  
  62  5:47  SCV x2  
  62  5:49  Supply Depot  
  71  5:59  SCV  
  71  6:01  Marine, SCV  
  71  6:02  Marine x3  
  77  6:09  Armory  
  77  6:10  Marine, Siege Tank  
  81  6:11  SCV  
  81  6:13  Supply Depot  
  81  6:14  Supply Depot, SCV  
  83  6:18  SCV  
  83  6:19  Marine  
  85  6:35  Marine x4, SCV x3  
  92  6:40  Starport Reactor  
  92  6:42  Marine  
  92  6:45  Missile Turret  
  92  6:46  Missile Turret  
  92  6:47  SCV x2, Missile Turret  
  87  6:48  Siege Tank  
  87  6:52  Marine x4, SCV  
  97  6:59  Supply Depot, SCV  
  97  7:00  Marine  
  97  7:01  SCV  
  98  7:07  Supply Depot x2  
  98  7:10  Marine  
  98  7:11  SCV  
  98  7:12  SCV  
  101  7:16  Barracks  
  101  7:17  Barracks, SCV  
  93  7:25  SCV x2  
  93  7:29  Marine x2  
  96  7:31  Marine  
  96  7:32  Medivac x2  
  96  7:33  Combat Shields  
  96  7:35  SCV  
  103  7:37  Supply Depot, SCV  
  103  7:39  Supply Depot  
  104  7:45  Marine  
  104  7:46  Marine  
  104  7:47  Marine x2, Siege Tank  
  104  7:49  Marine  
  104  7:51  Terran Infantry Armor Level 2, Terran Infantry Weapons Level 2  
  112  7:52  Refinery x2  
  112  8:02  Supply Depot  
  112  8:03  Marine x2  
  112  8:04  Supply Depot  
  112  8:05  Marine x2  
  116  8:06  Marine  
  116  8:07  Barracks Tech Lab, Marauder, Concussive Shells  
  116  8:08  Medivac x2  
  123  8:19  Thor  
  126  8:21  Marine  
  126  8:22  Marine, Marauder  
  126  8:23  Marine  
  126  8:24  Marine  
  126  8:25  Supply Depot  
  134  8:27  Factory, Supply Depot, Marauder  
  134  8:28  Marine  
  135  8:35  Terran Vehicle Weapons Level 1  
  135  8:39  Marine  
  135  8:41  Marine  
  136  8:42  Supply Depot  
  136  8:43  Supply Depot, Marauder  
  136  8:47  Marauder  
  141  8:52  Marine  
  141  8:53  Marine, Medivac, Marauder  
  141  8:54  Medivac  
  149  8:57  Marine  
  149  8:59  Supply Depot, Marine  
  149  9:00  Supply Depot  
  151  9:07  Marine x2, Barracks  
  151  9:09  Barracks  
  153  9:10  Barracks  
  153  9:14  Marauder  
  144  9:19  Factory Tech Lab  
  142  9:25  Marauder  
  142  9:26  Marauder  
  142  9:28  Thor  
  142  9:29  Medivac x2  
  156  9:34  SCV  
  146  9:43  Marauder, Thor  
  146  9:44  Marine x2  
  152  9:46  Marine, Marauder  
  152  9:51  Marine  
  152  9:52  Marauder  
  158  10:02  Marine x2, Barracks Tech Lab x2  
  158  10:03  Barracks Reactor  
  160  10:13  Command Center  
  160  10:15  Thor  
  160  10:16  Marauder  
  166  10:25  Marine  
  166  10:26  Marine x3, Marauder x2  
  174  10:30  Marauder  
  174  10:34  Marauder  
  178  10:37  Marine  
  179  10:43  Marine  
  179  10:44  Marine  
  179  10:45  Thor  
  179  10:47  Marauder  
  179  10:49  Marauder  
  191  10:50  Marine  
  191  10:53  Marauder  
  187  11:15  Marine x9, Marauder  
  187  11:16  Marine  
  172  11:33  Marine x6  
  172  11:34  Marauder x2  
  160  11:50  Marauder  
  160  11:52  Marine x7, Marauder  
  156  11:55  Marine x2  
  150  12:09  Marine  
  150  12:10  Marine x3  
  150  12:11  Marauder  
  150  12:12  Marauder  
  150  12:14  Marine x4, Marauder  
Tags
 
Add a new tag
Caveats
  • Supply blocks, unpowered buildings, or Contaminate may cause inaccurate times.
  • Supply counts are checked every 10 seconds.